 Dungeon Crawl Stone Soup version 0.29-a0-1006-g0dd7720b37 (webtiles) character file.

Game seed: 3423777448652300196

67 drpainis the Magician (level 4, -6/31 HPs)
             Began as a Djinni Fire Elementalist on Aug 6, 2022.
             Mangled by a bullfrog (7 damage)
             ... on level 3 of the Dungeon.
             The game lasted 00:04:20 (3788 turns).

drpainis the Magician (Djinni Fire Elementalist)    Turns: 3788, Time: 00:04:21

Health: -6/31      AC:  2    Str:  7    XL:     4   Next: 40%
Gold:   131        EV: 12    Int: 19    God:
                   SH:  0    Dex: 13

rFire   + + .      SeeInvis .   n - +2 dagger (vamp)
rCold   x . .      Faith    .   (no shield)
rNeg    . . .      Spirit   .   a - +0 robe
rPois   ∞          Reflect  .   (no helmet)
rElec   .          Harm     .   g - scarf {+Inv}
rCorr   .          Rampage  .   (no gloves)
Will    .....                   (boots unavailable)
Stlth   ++........              (no amulet)
HPRegen 0.10/turn               (no ring)
MPRegen 0.00/turn               (no ring)

@: flying
A: sickness immunity, fire resistance 2, cold vulnerability 1, float, innate
caster, HP casting, extra vitality 1
a: Evoke Invisibility


You were on level 3 of the Dungeon.
You visited 1 branch of the dungeon, and saw 3 of its levels.

You collected 131 gold pieces.

Inventory:

Hand Weapons
 k - a +0 short sword of holy wrath
 n - a +2 vampiric dagger (weapon)
Armour
 a - a +0 robe (worn)
 g - a scarf of invisibility (worn)
 o - the +1 scale mail of the Final Deaths {Str+3}
   (You found it on level 2 of the Dungeon)

   Str:       It affects your strength (+3).
Scrolls
 c - a scroll of poison {unknown}
 d - a scroll of acquirement {unknown}
 e - a scroll of vulnerability {unknown}
 h - a scroll of noise {unknown}
 j - a scroll of enchant weapon {unknown}
 m - a scroll of torment {unknown}
 p - a scroll of identify {unknown}
 q - a scroll of blinking {unknown}
 r - a scroll of teleportation {unknown}
Potions
 b - 2 potions of invisibility {unknown}
 f - a potion of lignification {unknown}
 i - a potion of attraction {unknown}
 l - a potion of cancellation {unknown}
 s - 2 potions of ambrosia {unknown}


   Skills:
 + Level 2.6 Dodging
 + Level 2.1 Stealth
 + Level 3.4 Spellcasting


You couldn't memorise any spells.
You knew the following spells:

 Your Spells              Type           Power      Damage    Failure   Level
a - Foxfire               Conj/Fire      64%        2x1d7     3%          1
b - Scorch                Fire           32%        2d7       5%          2
c - Conjure Flame         Conj/Fire      16%        6-21      11%         3
d - Inner Flame           Hex/Fire       16%        N/A       11%         3
e - Flame Wave            Conj/Fire      16%        2d7       34%         4
f - Beastly Appendage     Tmut           32%        N/A       3%          1
Your spell library was empty.

Dungeon Overview and Level Annotations

Branches:
Dungeon (3/15)

Altars:

Annotations:
D:1 2 transporters
D:3 xian's ghost, amateur DrFi


Innate Abilities, Weirdness & Mutations

You are immune to sickness and miasma.
You are immune to poison.
Your flesh is very heat resistant. (rF++)
You are vulnerable to cold. (rC-)
You float through the air rather than walking.
You learn spells naturally, not from books.
Your magical power is your life essence.
You have superior vitality. (+4 MHP)


Message History

You are too injured to fight recklessly!
The giant cockroach attacks as you move away!
The giant cockroach misses you.
You are too injured to fight recklessly!
Unknown command.
You are too injured to fight recklessly!
The adder attacks as you move away! The adder completely misses you.
The giant cockroach misses you. The bullfrog hits you.
* * * LOW HITPOINT WARNING * * *
You are too injured to fight recklessly!
Unknown command.
There are no items here.
Unknown command.
Casting: Foxfire (safe; 3% risk of failure)
Press: ? - help, Q - select action, (/) - cycle Dir - look around, f - activate You conjure some foxfire!
* * * LOW HITPOINT WARNING * * *
The bullfrog hits you but does no damage.
The giant cockroach bites you.
* * * LOW HITPOINT WARNING * * *
Unknown command.
Casting: Foxfire (safe; 3% risk of failure)
Press: ? - help, Q - select action, (/) - cycle Dir - look around, f - activate You conjure some foxfire!
* * * LOW HITPOINT WARNING * * *
The foxfire hits xian's ghost.
Xian's ghost is lightly damaged.
The foxfire hits xian's ghost.
Xian's ghost is lightly damaged.
The bullfrog closely misses you. The giant cockroach barely misses you.
The bullfrog hits you but does no damage.
Casting: Foxfire (safe; 3% risk of failure)
Press: ? - help, Q - select action, (/) - cycle Dir - look around, f - activate You conjure some foxfire!
* * * LOW HITPOINT WARNING * * *
The foxfire hits xian's ghost.
Xian's ghost is moderately damaged.
The giant cockroach bites you but does no damage.
The bullfrog hits you!
You die...

#....########.#
#...#~?~~~~'.#
#...########.#
#............#
##...........#
###)..........#
#...>........S#
#.#.##........BF#
#.#.##.<......W@#
#.#.##........v.#
#.#.##..........#
#.#.##..........#
#.#.#############
#.#.# ##.#.#
|..#(# ####†#


You could see a bullfrog, xian's ghost (ally target), an adder and a giant
cockroach.

Vanquished Creatures
  3 adders (D:2)
  A dart slug (D:2)
  5 bats
  2 endoplasms
  4 giant cockroaches
  4 goblins
  4 hobgoblins
  3 kobolds
  3 quokkas
  4 ball pythons
  2 frilled lizards
  2 rats (D:1)
37 creatures vanquished.

Vanquished Creatures (others)
  186 foxfires
186 creatures vanquished.

Grand Total: 223 creatures vanquished

Notes
Turn   | Place    | Note
-------+----------+-------------------------------------------
     0 | D:1      | drpainis the Djinni Fire Elementalist began the quest for
                  | the Orb.
     0 | D:1      | drpainis set off with the following spells memorised:
                  | Foxfire, Scorch, Conjure Flame, Inner Flame, Flame Wave.
     0 | D:1      | Reached XP level 1. HP: 15/15 MP: 0/0
   435 | D:1      | Reached XP level 2. HP: 16/21 MP: 0/0
  1005 | D:1      | Found a faded altar of an unknown god.
  1562 | D:2      | Identified the +1 scale mail of the Final Deaths {Str+3}
  1861 | D:2      | Reached XP level 3. HP: 18/25 MP: 0/0
  1861 | D:2      | Learned a level 1 spell: Beastly Appendage
  1995 | D:2      | Reached skill level 3 in Spellcasting
  2276 | D:2      | Reached XP level 4. HP: 28/31 MP: 0/0
  3719 | D:3      | Found a runed translucent door.
  3737 | D:3      | Noticed a bullfrog
  3743 | D:3      | Noticed xian's ghost (amateur DrFi)
  3788 | D:3      | Mangled by a bullfrog

Illustrated notes

Levels and vault maps discovered:
D:1:      spicycebolla_arrival_transporter_tutorial, layout_loops_corners,
          shapermc_ecumenical_altar_notcrosses
D:2:      layout_loops_corners, grunt_decor_arrowhead
D:3:      layout_basic, ebering_ghost_sewer_d, kennysheep_generic_room_12

Skill      XL: |  1  2  3 |
---------------+----------+-----
Spellcasting   | 3 |  3.4
Stealth        | 2 |  2.1
Dodging        | |  2.6

Action                   |  1- 3 |  4- 6 || total
-------------------------+-------+-------++-------
Melee: Unarmed           |     4 |       ||     4
       Dagger            |       |     1 ||     1
 Cast: Foxfire           |    72 |    49 ||   121
Armor: Robe              |     3 |    10 ||    13
Dodge: Dodged            |    14 |    19 ||    33

Table legend: (Time is in decaauts)
 A = Elapsed time spent in this place.
 B = Non-inter-level travel time spent in this place.
 C = Inter-level travel time spent in this place.
 D = Time resting spent in this place.
 E = Time spent auto-exploring this place.
 F = Levels seen in this place.
 G = Mean time per level.
                   A        B        C        D        E       F      G
               +--------+--------+--------+--------+--------+-----+--------+
         Total |   3787 |   3756 |     31 |    119 |   3113 |   3 | 1262.3 |
       Dungeon |   3787 |   3756 |     31 |    119 |   3113 |   3 | 1262.3 |
               +--------+--------+--------+--------+--------+-----+--------+

Top non-repeatable levels by time:
     D:2: 1964 daAuts
     D:1: 1548 daAuts
     D:3: 274 daAuts
